 Dungeon Crawl Stone Soup version 0.29.1-1-gd02db6906a (webtiles) character file.

Game seed: 1791485345128481187

364 Sabo the Gusty (level 6, -2/42 HPs)
             Began as a Hill Orc Air Elementalist on Sept 19, 2022.
             Was a Believer of Qazlal.
             Succumbed to a water moccasin's poison
             ... on level 4 of the Dungeon.
             The game lasted 00:31:40 (7032 turns).

Sabo the Gusty (Hill Orc Air Elementalist)          Turns: 7032, Time: 00:31:41

Health: -2/42      AC:  4    Str: 11    XL:     6   Next: 67%
Magic:  5/10       EV: 12    Int: 17    God:    Qazlal [**....]
Gold:   231        SH:  2    Dex: 11    Spells: 8/11 levels left

rFire   . . .      SeeInvis .   u - +0 quarterstaff
rCold   . . .      Faith    .   (shield currently unavailable)
rNeg    . . .      Spirit   .   a - +0 robe
rPois   .          Reflect  .   (no helmet)
rElec   .          Harm     .   (no cloak)
rCorr   .          Rampage  .   (no gloves)
Will    .....                   p - +1 pair of boots
Stlth   ++........              (no amulet)
HPRegen 0.14/turn               (no ring)
MPRegen 0.12/turn               (no ring)

@: lethally poisoned (-2 -> -14)
A: frail 1, sense surroundings 1
a: Renounce Religion, Upheaval


You were on level 4 of the Dungeon.
You worshipped Qazlal.
Qazlal was pleased with you.
You visited 1 branch of the dungeon, and saw 4 of its levels.

You collected 231 gold pieces.

Inventory:

Hand Weapons
 u - a +0 quarterstaff (weapon)
 w - a +0 sling
 y - a +0 war axe
Missiles
 s - 2 throwing nets
 t - 6 boomerangs
Armour
 a - a +0 robe (worn)
 p - a +1 pair of boots (worn)
Scrolls
 b - a scroll of identify
 f - a scroll of summoning
 g - a scroll of fog
 h - a scroll of teleportation
 l - a scroll of noise {unknown}
 n - a scroll of enchant weapon
Potions
 c - a potion of resistance {unknown}
 d - a potion of mutation
 e - a potion of attraction {unknown}
 j - a potion of flight {unknown}
 k - a potion of invisibility {unknown}
 m - a potion of degeneration {unknown}
 o - a potion of haste {unknown}
 q - 2 potions of curing {unknown}
 r - a potion of berserk rage {unknown}
 x - a potion of brilliance {unknown}


   Skills:
 + Level 1.4 Fighting
 + Level 0.2(1.2) Polearms
 + Level 1.6(1.7) Staves
 + Level 2.3 Dodging
 + Level 2.3 Stealth
 + Level 0.1 Unarmed Combat
 + Level 3.2 Spellcasting
 + Level 2.3 Conjurations
 + Level 3.2 Air Magic


You had 8 spell levels left.
You knew the following spells:

 Your Spells              Type           Power      Damage    Failure   Level
a - Shock                 Conj/Air       48%        1d6       5%          1
b - Static Discharge      Conj/Air       12%        3-5/arc   9%          2

Your spell library contained the following spells:

 Spells                   Type           Power      Damage    Failure   Level
 Swiftness                Air            13%        N/A       14%         3
 Airstrike                Air            6%         2d(1-17)  41%         4
 Confusing Touch          Hex            2%         N/A       45%         3
 Ozocubu's Armour         Ice            2%         N/A       45%         3
 Metabolic Englaciation   Hex/Ice        1%         N/A       99%         5
 Yara's Violent Unravell  Hex/Tmut       1%         3d3       99%         5
 Simulacrum               Ice/Necr       1%         N/A       100%        6
 Enfeeble                 Hex            1%         N/A       100%        7


Dungeon Overview and Level Annotations

Branches:
Dungeon (4/15)
 Temple: D:4-7

Altars:
Ashenzari
Qazlal
Vehumet
Wu Jian
Yredelemnul

Shops:
D:1 !


Innate Abilities, Weirdness & Mutations

You are frail. (-10% HP)
You passively map a small area around you.


Message History

Press: ? - help, Shift-Dir - straight line, f/p - water moccasin
Aim: a water moccasin (severely wounded, 48% to hit)
The zap misses the water moccasin.
* * * LOW HITPOINT WARNING * * *
You feel very sick. The water moccasin misses you.
You miss the water moccasin.
The water moccasin is severely wounded.
* * * LOW HITPOINT WARNING * * *
You feel very sick. The water moccasin misses you.
The water moccasin bites you.
* * * LOW HITPOINT WARNING * * *
You feel much better.
You feel sick. The water moccasin bites you.
You barely miss the water moccasin.
The water moccasin is severely wounded.
You feel very sick. The water moccasin misses you.
The water moccasin closely misses you.
You barely miss the water moccasin.
The water moccasin is severely wounded.
You feel sick. The water moccasin misses you. The water moccasin bites you.
* * * LOW HITPOINT WARNING * * *
You hit the water moccasin but do no damage.
The water moccasin is severely wounded.
You feel sick. The water moccasin closely misses you.
Casting: Shock (safe; 5% risk of failure)
Confirm with . or Enter, or press ? or * to list all spells.
Aiming: Shock (safe; 5% risk of failure)
Press: ? - help, Shift-Dir - straight line, f/p - water moccasin
Aim: a water moccasin (severely wounded, 48% to hit)
The zap hits the water moccasin.
The water moccasin is severely wounded.
You feel sick. The water moccasin barely misses you.
The water moccasin bites you.
* * * LOW HITPOINT WARNING * * *
You are more poisoned.
The water moccasin poisons you!
It was a potion of mutation.
You feel extremely strange.
You feel a strange attunement to the structure of the dungeons.
You feel frail.
You die...

...#
#.#......#######.
...# ##.#......# ,
...# #..######### *
...# #..#~~~~~~~#
...# #..#.~~~~~~# ,
, . ####
###'#.~~~~~.# #..*
#...#...~..(# ....
#...#(......##....#
#...#......@S....)#
,
#..<#...(...##...!#
#...#....)..#, ....
*,* ##.##...._..#*
*### #.......♣..#
####.......#
######### * * *, *
,


You could see a water moccasin.

Vanquished Creatures
  A water moccasin (D:3)
  A bullfrog (D:4)
  A necrophage (D:3)
  An orc wizard (D:4)
  4 gnolls (D:2)
  2 dart slugs (D:1)
  3 orcs (D:4)
  8 endoplasms
  4 goblins
  8 hobgoblins
  9 kobolds
  4 quokkas
  7 ball pythons
  4 bats
  7 frilled lizards
  8 rats
72 creatures vanquished.

Notes
Turn   | Place    | Note
-------+----------+-------------------------------------------
     0 | D:1      | Sabo the Hill Orc Air Elementalist began the quest for the
                  | Orb.
     0 | D:1      | Reached XP level 1. HP: 14/14 MP: 3/3
   366 | D:1      | Reached XP level 2. HP: 20/20 MP: 1/4
   739 | D:1      | Found Ceuginuu's Distillery.
  1743 | D:1      | Found a faded altar of an unknown god.
  1835 | D:1      | Reached XP level 3. HP: 26/26 MP: 3/5
  1981 | D:1      | Prayed at the altar of an unknown god.
  1981 | D:1      | Became a worshipper of Qazlal Stormbringer
  1981 | D:1      | Reached * piety under Qazlal
  4081 | D:2      | Reached XP level 4. HP: 29/33 MP: 2/7
  4568 | D:3      | Noticed a necrophage
  4593 | D:3      | Killed a necrophage
  4594 | D:3      | Reached XP level 5. HP: 3/39 MP: 5/9
  5133 | D:3      | Found a radiant altar of Vehumet.
  5667 | D:3      | Found a basalt altar of Yredelemnul.
  5735 | D:3      | Noticed a water moccasin
  5738 | D:3      | Killed a water moccasin
  5739 | D:3      | Reached skill level 1 in Fighting
  5739 | D:3      | Reached skill level 1 in Staves
  5739 | D:3      | Reached XP level 6. HP: 36/47 MP: 10/10
  5954 | D:3      | Found a broken altar of Ashenzari.
  6219 | D:4      | Reached ** piety under Qazlal
  6419 | D:4      | Learned a level 2 spell: Static Discharge
  6581 | D:4      | Found a stormy altar of Qazlal.
  6973 | D:4      | Found an ornate altar of the Wu Jian Council.
  6984 | D:4      | Noticed a water moccasin
  7031 | D:4      | HP: 1/47 [water moccasin (4)]
  7032 | D:4      | Gained mutation: You passively map a small area around you.
                  | [potion of mutation]
  7032 | D:4      | Gained mutation: You are frail. (-10% HP) [potion of
                  | mutation]
  7032 | D:4      | Succumbed to a water moccasin's poison

Illustrated notes

Levels and vault maps discovered:
D:1:      ebering_hopf_link, layout_basic, serial_shops, nicolae_shop_crystal,
          nicolae_ecumenical_snake_handling, chequers_serial_rivers_micro_c
D:2:      layout_basic, minmay_quadrilaterals
D:3:      layout_basic, nicolae_ashenzari_panopticon,
          mainiacjoe_overflow_alcove_2, amcnicky_altar_gilded,
          kennysheep_generic_room_9
D:4:      kennysheep_kobold_camp, layout_basic,
          nicolae_qazlal_general_emergency, nzn_wu_jian_contemplation,
          nicolae_kikubaaqudgha_miasma_corner, serial_shops, shop,
          uniq_crazy_yiuf_cottage

Skill      XL: |  1  2  3  4  5 |
---------------+----------------+-----
Dodging        | 2 |  2.3
Stealth        | 2 |  2.3
Spellcasting   | 2 3 |  3.2
Air Magic      | 3 |  3.2
Conjurations   | 2 |  2.3
Fighting       | 1 |  1.4
Staves         | 1 |  1.6
Polearms       | |  0.2
Unarmed Combat | |  0.1

Action                   |  1- 3 |  4- 6 || total
-------------------------+-------+-------++-------
Melee: Unarmed           |    10 |       ||    10
       Club              |     2 |       ||     2
       Spear             |    25 |       ||    25
       Dagger            |     4 |       ||     4
       Quarterstaff      |       |    64 ||    64
       Halberd           |       |     6 ||     6
 Cast: Shock             |    75 |    50 ||   125
  Use: Scroll            |     1 |     6 ||     7
       Potion            |       |     5 ||     5
Armor: Robe              |    10 |    17 ||    27
Dodge: Dodged            |    30 |    54 ||    84
Block: Other             |     2 |     3 ||     5
